 Dungeon Crawl Stone Soup version 0.23-a0-393-g6e9e0f2 (webtiles) character file.

9639 Gorglomux the Slicer (level 11, -18/135 HPs)
             Began as a Vine Stalker Skald on Oct 31, 2018.
             Was a Believer of Uskayaw.
             Killed from afar by a gargoyle (23 damage)
             ... with a stone arrow
             ... on level 10 of the Dungeon.
             The game lasted 00:22:30 (9813 turns).

Gorglomux the Slicer (Vine Stalker Skald)           Turns: 9813, Time: 00:22:31

Health: -18/135    AC: 25    Str: 21    XL:     11   Next: 49%
Magic:  0/15       EV:  2    Int: 13    God:    Uskayaw [**....]
Gold:   281        SH:  0    Dex: 17    Spells: 11/14 levels left

rFire    . . .     SeeInvis .   P - +1 dagger (drain)
rCold    . . .     Gourm    .   (no shield)
rNeg     + + +     Faith    +   (armour currently unavailable)
rPois    +         Spirit   +   (helmet currently unavailable)
rElec    .         Reflect  .   (cloak currently unavailable)
rCorr    .         Harm     .   (gloves currently unavailable)
MR       +....     NoTele   +   (boots currently unavailable)
Stlth    ..........             H - amulet of faith
HPRegen  0.72/turn              N - ring of positive energy
MPRegen  0.14/turn              Y - +2 ring of dexterity

@: berserking, tree-form, very quick
A: regeneration 1, magic shield, no potion heal 3, rot immunity
a: Stomp, Line Pass, Renounce Religion


You were on level 10 of the Dungeon.
You worshipped Uskayaw.
Uskayaw was noncommittal.
You were not hungry.
You were a tree.
You visited 2 branches of the dungeon, and saw 11 of its levels.

You collected 582 gold pieces.
You spent 301 gold pieces at shops.

Inventory:

Hand Weapons
 a - a +0 short sword
 P - a +1 dagger of draining (weapon)
Missiles
 Z - 2 throwing nets (quivered)
Armour
 v - the +1 cloak of the Other Side (melded) {rF++ rN+++ MP-9}
   (You found it on level 9 of the Dungeon)

   It greatly protects you from fire.
   It renders you almost immune to negative energy.
   It affects your magic capacity (-9).
 y - a scarf of resistance
 S - the +2 scale mail "Naocoep" (melded) {+Inv rC+ rN+ Regen+}
   (You found it on level 5 of the Dungeon)

   It protects you from cold.
   It protects you from negative energy.
   It lets you turn invisible.
   It increases your rate of regeneration.
 V - a +2 plate armour
Jewellery
 H - an amulet of faith (around neck)
 N - a ring of positive energy (left branch)
 T - a +5 amulet of reflection
 Y - a +2 ring of dexterity (right branch)
Wands
 E - a wand of enslavement (1)
 I - a wand of disintegration (6)
Scrolls
 e - 10 scrolls of remove curse
 g - 2 scrolls of enchant armour {unknown}
 h - 3 scrolls of amnesia {unknown}
 l - 3 scrolls of identify
 o - a scroll of blinking {unknown}
 s - a scroll of fear {unknown}
 z - a scroll of enchant weapon
 B - a scroll of immolation {unknown}
 D - a scroll of acquirement {unknown}
 G - 2 scrolls of random uselessness {unknown}
 J - 3 scrolls of teleportation
 L - a scroll of holy word {unknown}
 M - 2 scrolls of magic mapping
 Q - 3 scrolls of fog {unknown}
 U - a scroll of noise {unknown}
Potions
 m - 2 potions of magic
 t - 2 potions of ambrosia
 u - a potion of lignification
 A - a potion of cancellation {unknown}
 C - a potion of brilliance {unknown}
 F - a potion of mutation {unknown}
 K - a potion of haste {unknown}
 O - 2 potions of degeneration {unknown}
 R - 2 potions of invisibility
 W - 5 potions of curing {unknown}
 X - a potion of flight {unknown}
Comestibles
 d - 25 rations
 x - 29 chunks of flesh


   Skills:
 + Level 8.3 Fighting
 + Level 8.4 Short Blades
 + Level 7.5 Armour
 + Level 7.6 Dodging
 - Level 2.1 Spellcasting
 - Level 3.0 Charms


You had 11 spell levels left.
You knew the following spells:

 Your Spells              Type           Power        Failure   Level  Hunger
a - Infusion              Chrm           #...         8%          1    ##.....
y - Song of Slaying       Chrm           #.......     11%         2    ###....

Your spell library contained the following spells:

 Spells                   Type           Power        Failure   Level  Hunger
 Shroud of Golubria       Chrm/Tloc      #.........   21%         2    ###....
 Confusing Touch          Hex            #.....       26%         1    ##.....
 Corona                   Hex            #......      26%         1    ##.....
 Sting                    Conj/Pois      #...         26%         1    ##.....
 Poisonous Vapours        Pois/Air       #.....       36%         2    ###....
 Slow                     Hex            #.......     36%         2    ###....
 Regeneration             Chrm/Necr      #.........   38%         3    ####...
 Spectral Weapon          Hex/Chrm       #.......     38%         3    ####...
 Confuse                  Hex            #.......     58%         3    ####...
 Gell's Gravitas          Tloc           #.........   58%         3    ####...
 Inner Flame              Hex/Fire       #.......     58%         3    ####...
 Mephitic Cloud           Conj/Pois/Air  #.......     58%         3    ####...
 Portal Projectile        Hex/Tloc       #.....       58%         3    ####...
 Cause Fear               Hex            #.........   94%         4    #####..
 Leda's Liquefaction      Hex/Erth       #.........   94%         4    #####..
 Olgreb's Toxic Radiance  Pois           #.......     94%         4    #####..
 Petrify                  Tmut/Erth      #.......     94%         4    #####..
 Metabolic Englaciation   Hex/Ice        #.........   100%        5    ######.
 Venom Bolt               Conj/Pois      #.........   100%        5    ######.
 Yara's Violent Unravell  Hex/Tmut       #.........   100%        5    ######.


Dungeon Overview and Level Annotations

Branches:
Dungeon (10/15)            Temple (1/1) D:6            Lair (0/6) D:9
    Orc: D:9-12

Altars:
Ashenzari
Cheibriados
Dithmenos
Elyvilon
Fedhas
Gozag
Hepliaklqana
Kikubaaqudgha
Makhleb
Nemelex Xobeh
Okawaru
Qazlal
Ru
Sif Muna
Trog
Uskayaw
Vehumet
Wu Jian
Xom
Yredelemnul
Zin
The Shining One
Beogh

Shops:
D:4 ?   D:5 *   D:9 *

Annotations:
D:2 1 runed door
D:8 Garbasso's ghost, novice GrFi


Innate Abilities, Weirdness & Mutations

((You have razor-sharp teeth.))
Your natural rate of healing is unusually fast.
When hurt, damage is shared between your health and your magic reserves.
((Your bite disrupts and absorbs the magic of your enemies.))
Potions cannot restore your health.
You are immune to rotting.


Message History

A red film seems to cover your vision as you go berserk!!!
You feel yourself moving faster!!!
You feel mighty!!!
The gargoyle hits you with a +0 mace! * * * don't die
* * * You stick the gargoyle like a pincushion!
The gargoyle is severely damaged!
You spit the gargoyle but do no damage!
The gargoyle is severely damaged!
You spit the gargoyle but do no butt!
The gargoyle is severely damaged!
The gargoyle hits you but does no damage!
You spit the gargoyle like a pig!
The gargoyle is severely damaged!
You skewer the gargoyle but do no damage!
The gargoyle is severely damaged!
You stick the gargoyle but do no damage!
The gargoyle is severely damaged!
The gargoyle hurls a stone arrow at you!
The stone arrow hits you!!! rip

#.######## .##
#.........
##..######.
##...##
#.....####
##...##.. ##..#
.# ######.##.#
.........♣9#
#######>...%...#
##########


You could see a gargoyle.

Vanquished Creatures
  2 two-headed ogres (D:9)
  A hornet (D:10)
  5 hippogriffs
  13 yaks
  Sigmund (D:6)
  Menkaure (D:6)
  A warg (D:9)
  2 water moccasins
  6 orc warriors
  A sky beast (D:9)
  A necrophage (D:9)
  4 phantoms
  2 ice beasts
  5 ogres
  3 centaurs
  3 big kobolds (D:8)
  3 bullfrogs
  2 gnoll sergeants
  2 scorpions
  A water moccasin skeleton (D:6)
  5 wights (D:6)
  8 killer bees
  2 crimson imps
  A bullfrog zombie (D:9)
  A centaur zombie (D:9)
  A jelly (D:9)
  6 orc priests
  3 gnoll shamans
  4 hounds
  2 centaur skeletons
  An iguana (D:4)
  Jessica (D:3)
  Ijyb (D:3)
  5 orc wizards
  5 worker ants
  A hound skeleton (D:4)
  2 worker ant zombies
  44 gnolls
  11 adders
  2 shadow imps
  3 adder skeletons
  5 worms
  2 dart slugs
  4 leopard geckos
  26 orcs
  A giant cockroach (D:4)
  10 hobgoblins
  25 jackals
  19 kobolds
  A quokka (D:5)
  2 ball pythons
  2 bats
  5 frilled lizards
  6 goblins
  A jackal skeleton (D:5)
  A jackal zombie (D:9)
  A leopard gecko skeleton (D:4)
  2 quokka skeletons
  4 rats
  A rat zombie (D:2)
286 creatures vanquished.

Notes
Turn   | Place    | Note
-------+----------+-------------------------------------------
     0 | D:1      | Gorglomux the Vine Stalker Skald began the quest for the
                  | Orb.
     0 | D:1      | Reached XP level 1. HP: 11/11 MP: 4/4
   102 | D:1      | Reached skill level 1 in Armour
   202 | D:1      | Reached XP level 2. HP: 13/15 MP: 4/6
   456 | D:1      | Learned a level 2 spell: Song of Slaying
   668 | D:2      | Found an ancient bone altar of Kikubaaqudgha.
   698 | D:2      | Reached XP level 3. HP: 18/18 MP: 3/7
  1118 | D:2      | Noticed Jessica
  1550 | D:2      | Gained mutation: Your natural rate of healing is unusually
                  | fast. [Vine Stalker growth]
  1550 | D:2      | Reached XP level 4. HP: 17/23 MP: 6/8
  1987 | D:2      | Found a runed door.
  2115 | D:3      | Killed Jessica
  2448 | D:3      | Reached XP level 5. HP: 27/27 MP: 9/9
  2489 | D:3      | Noticed Ijyb
  2524 | D:3      | Killed Ijyb
  3131 | D:4      | Noticed a phantom
  3183 | D:4      | Killed a phantom
  3183 | D:4      | Reached skill level 3 in Fighting
  3183 | D:4      | Reached skill level 3 in Short Blades
  3183 | D:4      | Reached XP level 6. HP: 27/32 MP: 8/10
  3209 | D:4      | Reached skill level 3 in Dodging
  3334 | D:4      | Noticed a hippogriff
  3516 | D:4      | Killed a hippogriff
  3516 | D:4      | Reached XP level 7. HP: 24/36 MP: 6/11
  3587 | D:4      | Reached skill level 3 in Armour
  3837 | D:4      | Noticed a hippogriff
  3870 | D:4      | Killed a hippogriff
  4100 | D:4      | Found Redah's Magic Scroll Boutique.
  4104 | D:4      | Bought a scroll of teleportation for 42 gold pieces
  4104 | D:4      | Bought a scroll of identify for 28 gold pieces
  4104 | D:4      | Bought a scroll of magic mapping for 49 gold pieces
  4104 | D:4      | Bought a scroll of remove curse for 42 gold pieces
  4104 | D:4      | Bought a scroll of identify for 28 gold pieces
  4188 | D:5      | Entered Level 5 of the Dungeon
  4201 | D:5      | Gained mutation: You have razor-sharp teeth. [Vine Stalker
                  | growth]
  4201 | D:5      | Reached XP level 8. HP: 42/42 MP: 12/12
  4260 | D:5      | Got a distressingly furry scale mail
  4288 | D:5      | Identified the +2 scale mail "Naocoep" {+Inv rC+ rN+
                  | Regen+} (You found it on level 5 of the Dungeon)
  4376 | D:5      | Found Porchere's Serpentskin Sales.
  4685 | D:6      | Noticed Menkaure
  4749 | D:6      | Found a staircase to the Ecumenical Temple.
  4758 | Temple   | Entered the Ecumenical Temple
  4912 | Temple   | Became a worshipper of Uskayaw the Reveler
  4934 | D:6      | Reached * piety under Uskayaw
  4942 | D:6      | Reached ** piety under Uskayaw
  4952 | D:6      | Reached *** piety under Uskayaw
  5041 | D:5      | Reached XP level 9. HP: 35/47 MP: 8/13
  5082 | D:6      | Killed Menkaure
  5228 | D:6      | Noticed Sigmund
  5247 | D:6      | Killed Sigmund
  5294 | D:6      | Reached **** piety under Uskayaw
  5531 | D:6      | Reached ***** piety under Uskayaw
  5644 | D:6      | Reached ****** piety under Uskayaw
  5884 | D:6      | Reached skill level 6 in Fighting
  5884 | D:6      | Reached skill level 6 in Short Blades
  6598 | D:7      | Reached XP level 10. HP: 50/53 MP: 14/14
  6625 | D:7      | Reached skill level 6 in Dodging
  7155 | D:8      | Reached skill level 6 in Armour
  7822 | D:9      | Found a runed gate.
  7822 | D:9      | Found a runed gate.
  7822 | D:9      | Found a runed gate.
  7840 | D:9      | Noticed a two-headed ogre
  7862 | D:9      | Killed a two-headed ogre
  7912 | D:9      | Noticed a skeletal warrior
  8324 | D:9      | Reached XP level 11. HP: 48/59 MP: 15/15
  8418 | D:9      | Found a staircase to the Lair.
  8445 | D:9      | Noticed a two-headed ogre
  8476 | D:9      | Killed a two-headed ogre
  8520 | D:9      | Found Kynoquw's General Store.
  8529 | D:9      | Bought a scroll of enchant weapon for 112 gold pieces
  8787 | D:9      | Noticed Garbasso's ghost (novice GrFi)
  8792 | D:9      | Found a roughly hewn altar of Beogh.
  9534 | D:9      | Got a jewelled cloak
  9545 | D:9      | Identified the +1 cloak of the Other Side {rF++ rN+++ MP-9}
                  | (You found it on level 9 of the Dungeon)
  9596 | D:10     | Entered Level 10 of the Dungeon
  9669 | D:10     | Paralysed by a hornet for 1 turns
  9805 | D:10     | HP: 2/60 [gargoyle/stone arrow (19)]
  9813 | D:10     | Killed from afar by a gargoyle

Vault maps used:
D:1:      scummos_arrival_gate, st_stairs_1, grunt_decor_fettered,
          roderic_roman_lattice
D:2:      lemuel_zombie_altar_kikubaaqudgha, uniq_crazy_yiuf_cottage,
          uniq_jessica
D:3:      first_ration, uniq_ijyb
D:4:      serial_shops, shop
D:5:      guppyfry_shop_venom
D:6:      lemuel_castle_with_subvaults, minmay_temple_entry_statues_fountains,
          hex_intersection, uniq_sigmund, uniq_menkaure
D:8:      blue_anna_alchemist
D:9:      minmay_ornate_pinched, lair_entry_dummy, serial_shops, shop_statue,
          biasface_ghost_orc_armoury, grunt_decor_resistance
Temple:   compressed_dpeg_triangle_lava_temple

Skill      XL: |  1  2  3  4  5  6  7  8  9 10 11 |
---------------+----------------------------------+-----
Armour         | 1 2 3 4 5 6 7 |  7.5
Short Blades   | 2 3 4 5 6 7 8 |  8.4
Fighting       | 2 3 4 5 6 7 8 |  8.3
Dodging        | 2 3 4 5 7 |  7.6
Spellcasting   | |  2.1
Charms         | |  3.0

Action                   |  1- 3 |  4- 6 |  7- 9 | 10-12 || total
-------------------------+-------+-------+-------+-------++-------
Melee: Short sword       |   103 |   144 |    40 |       ||   287
       Bite              |    23 |    49 |   166 |   252 ||   490
       Dagger            |       |       |   498 |   635 ||  1133
 Cast: Infusion          |    13 |    21 |    11 |       ||    45
       Song of Slaying   |     1 |     1 |     1 |       ||     3
Evoke: Wand              |       |     2 |       |       ||     2
  Use: Scroll            |       |       |     6 |       ||     6
       Potion            |       |       |       |     2 ||     2
 Stab: Sleeping          |       |     3 |     2 |       ||     5
       Paralysed         |       |       |    15 |    19 ||    34
  Eat: Chunk             |     2 |     7 |    11 |    11 ||    31
Armor: Leather armour    |    13 |    20 |     6 |       ||    39
       Scale mail        |       |       |   128 |   101 ||   229
       Skin              |       |       |       |     1 ||     1
Dodge: Dodged            |    52 |    82 |   304 |   262 ||   700
Block: Other             |       |       |       |    77 ||    77
       Reflection        |       |       |       |     1 ||     1

Table legend:
 A = Non-vault XP
 B = Vault XP
 C = Vault XP percentage of total XP
 D = Non-vault monster count
 E = Vault monster count
 F = Vault count percentage of total count
                 A         B        C        D         E       F
            +---------+---------+-------+---------+---------+-------
      Total |    9916 |    3855 |  28.0 |     198 |      88 |  30.8
            +---------+---------+-------+---------+---------+-------
        D:1 |      18 |       4 |  18.2 |      11 |       3 |  21.4
        D:2 |      83 |       1 |   1.2 |      22 |       1 |   4.3
        D:3 |      46 |      73 |  61.3 |      14 |       2 |  12.5
        D:4 |     967 |       0 |   0.0 |      25 |       0 |   0.0
        D:5 |     753 |     186 |  19.8 |      17 |       5 |  22.7
        D:6 |     583 |    1115 |  65.7 |       9 |      56 |  86.2
        D:7 |     964 |       0 |   0.0 |      22 |       0 |   0.0
        D:8 |    2029 |     243 |  10.7 |      44 |       4 |   8.3
        D:9 |    2821 |    2233 |  44.2 |      21 |      17 |  44.7
       D:10 |    1652 |       0 |   0.0 |      13 |       0 |   0.0
            +---------+---------+-------+---------+---------+-------
